Map: [ESL] Waterfall

Players

DPGJieShi (Jieshi) - Winner!

  • Race: Protoss Protoss

iGMacSed (MacSed)

  • Race: Protoss Protoss

Event: DreamHack SC2 Masters 2022 Atlanta (Online)

VOD

Have the link to the VOD?

Description

Time

  • Played on: Oct. 5, 2022, 7:18 a.m.
  • Length: 14:05

All games in this series

Show
View Real Time Build Order
Export as new Build Order

DPGJieShi Protoss - Winner!

Build Orders:  

Get SALT Encoding   

  12  0:00  Probe  
  13  0:12  Probe  
  14  0:17  Pylon  
  14  0:24  Probe (Chrono Boost)  
  15  0:37  Probe (Chrono Boost)  
  15  0:38  Gateway  
  16  0:44  Probe (Chrono Boost)  
  16  0:48  Assimilator  
  17  0:51  Probe  
  18  1:03  Probe  
  19  1:15  Probe  
  20  1:26  Zealot  
  20  1:27  Cybernetics Core  
  20  1:28  Probe  
  20  1:30  Pylon  
  23  1:48  Probe  
  24  2:00  Probe  
  25  2:01  Stalker (Chrono Boost)  
  25  2:06  Warp Gate  
  27  2:12  Nexus, Probe  
  28  2:21  Pylon  
  28  2:24  Probe  
  28  2:27  Stalker (Chrono Boost)  
  31  2:39  Probe  
  31  2:40  Gateway  
  32  2:46  Pylon  
  32  2:51  Probe  
  32  2:53  Stalker (Chrono Boost)  
  34  3:02  Assimilator  
  34  3:08  Probe  
  35  3:21  Probe  
  34  3:32  Robotics Facility  
  35  3:34  Probe (Chrono Boost)  
  35  3:39  Probe (Chrono Boost)  
  36  3:45  Probe (Chrono Boost)  
  36  3:46  Probe (Chrono Boost)  
  38  3:50  Probe (Chrono Boost)  
  38  3:51  Twilight Council, Forge  
  38  3:53  Probe  
  40  3:56  Adept x2  
  40  4:02  Probe  
  45  4:03  Pylon  
  45  4:05  Probe  
  45  4:09  Shield Battery  
  46  4:14  Probe  
  47  4:19  Probe  
  47  4:20  Warp Prism  
  50  4:26  Probe  
  51  4:31  Protoss Ground Weapons Level 1  
  51  4:38  Probe  
  50  4:40  Blink (Chrono Boost)  
  50  4:42  Probe  
  50  4:45  Assimilator  
  49  4:50  Probe  
  49  4:51  Adept x2  
  54  4:54  Probe  
  54  4:55  Pylon  
  54  4:57  Pylon  
  55  5:04  Immortal (Chrono Boost)  
  60  5:12  Gateway  
  59  5:17  Adept x2  
  63  5:29  Nexus  
  63  5:32  Shield Battery  
  63  5:37  Immortal  
  67  5:46  Adept x2  
  69  6:03  Probe  
  69  6:04  Probe  
  63  6:09  Sentry, Stalker x2  
  67  6:16  Gateway  
  67  6:18  Observer (Chrono Boost), Gateway  
  68  6:20  Probe x2  
  68  6:23  Pylon  
  70  6:25  Photon Cannon  
  70  6:27  Gateway  
  70  6:32  Immortal (Chrono Boost)  
  71  6:34  Probe x2 (Chrono Boost)  
  76  6:40  Pylon  
  76  6:41  Probe (Chrono Boost)  
  76  6:43  Protoss Ground Weapons Level 2 (Chrono Boost)  
  79  6:50  Probe x3 (Chrono Boost)  
  79  6:51  Charge (Chrono Boost)  
  80  6:55  Probe (Chrono Boost)  
  80  6:57  Probe x2  
  83  7:02  Gateway  
  83  7:04  Observer  
  83  7:05  Gateway  
  83  7:08  Probe  
  84  7:09  Probe  
  84  7:13  Zealot x2  
  84  7:14  Zealot  
  91  7:17  Zealot  
  93  7:26  Stalker x2  
  93  7:29  Pylon  
  97  7:34  Observer  
  96  7:43  Stalker x3  
  96  7:44  Probe, Stalker  
  105  7:52  Pylon  
  105  7:56  Pylon  
  105  7:59  Nexus  
  105  8:01  Templar Archives  
  105  8:02  Pylon  
  105  8:03  Zealot x3  
  111  8:20  Probe x3  
  111  8:21  Zealot x4  
  111  8:22  Zealot  
  111  8:23  Zealot x2  
  111  8:25  Zealot  
  129  8:34  Observer  
  129  8:36  Shield Battery  
  129  8:43  Photon Cannon  
  129  8:44  Shield Battery  
  129  8:50  High Templar  
  129  8:51  Zealot x4, High Templar  
  129  8:52  Zealot  
  133  8:57  Archon  
  133  8:58  Zealot  
  135  9:04  Pylon  
  135  9:06  Protoss Ground Weapons Level 3 (Chrono Boost)  
  135  9:07  Pylon  
  135  9:08  Pylon  
  135  9:09  Warp Prism  
  135  9:17  Zealot x2  
  135  9:19  Zealot  
  139  9:26  Zealot  
  139  9:27  Zealot  
  139  9:28  Zealot, High Templar  
  139  9:30  High Templar  
  149  9:33  Pylon  
  149  9:34  Archon  
  148  9:45  Zealot x2  
  147  9:54  Zealot x3  
  147  9:55  Zealot  
  147  9:58  Gateway  
  147  9:59  Gateway  
  155  10:07  Robotics Bay  
  155  10:09  Zealot x4  
  155  10:11  Probe (Chrono Boost)  
  167  10:15  Probe x2 (Chrono Boost)  
  167  10:16  Probe (Chrono Boost)  
  167  10:21  Probe (Chrono Boost)  
  168  10:26  Probe (Chrono Boost)  
  169  10:34  Zealot x3  
  169  10:35  Zealot x4  
  181  10:36  Zealot  
  159  10:53  Zealot  
  131  10:57  Zealot x3  
  131  10:58  Zealot x5  
  131  10:59  Disruptor  
  130  11:10  Zealot  
  122  11:18  Zealot, Robotics Facility  
  122  11:19  Zealot x4  
  122  11:20  Zealot x2, High Templar x2  
  122  11:22  Photon Cannon, Probe x3  
  122  11:25  Assimilator  
  142  11:26  Disruptor, Protoss Shields Level 1 (Chrono Boost)  
  142  11:27  Archon  
  142  11:30  Assimilator  
  142  11:33  Photon Cannon  
  127  11:44  Stalker  
  127  11:45  Zealot x3  
  127  11:46  Stalker  
  137  11:48  Zealot x3  
  137  11:52  Stalker  
  137  11:57  Photon Cannon  
  137  11:58  Zealot  
  137  11:59  Shield Battery  
  131  12:02  Shield Battery  
  131  12:06  Zealot x3  
  131  12:08  Zealot  
  137  12:09  Stalker x2  
  137  12:11  Stalker  
  137  12:12  Zealot  
  139  12:24  Probe (Chrono Boost)  
  139  12:27  Zealot, Assimilator  
  139  12:28  Zealot x2  
  142  12:33  Probe (Chrono Boost)  
  142  12:36  Pylon  
  139  12:39  Photon Cannon  
  139  12:41  Probe (Chrono Boost), Pylon  
  139  12:42  Probe (Chrono Boost)  
  139  12:43  Disruptor (Chrono Boost)  
  139  12:44  Disruptor (Chrono Boost)  
  132  12:45  Gateway  
  132  12:46  Gateway  
  132  12:47  Probe (Chrono Boost), Gateway  
  132  12:49  Zealot x2  
  140  12:54  Zealot  
  140  12:56  Stalker x2  
  146  13:04  Zealot x2  
  148  13:10  Probe  
  152  13:16  Assimilator  
  152  13:18  Disruptor (Chrono Boost), Zealot x2  
  156  13:20  Zealot x3  
  156  13:24  Disruptor (Chrono Boost), Stalker  
  156  13:25  Stalker  
  152  13:39  Zealot x2  
  126  13:42  Zealot x4  
  126  13:46  Stalker  
  122  13:50  Stalker x2  
  122  13:51  Zealot  
Show
View Real Time Build Order
Export as new Build Order

iGMacSed Protoss 

Build Orders: Double Forge 

Get SALT Encoding   

  12  0:00  Probe  
  13  0:12  Probe  
  14  0:19  Pylon  
  14  0:24  Probe  
  15  0:37  Probe (Chrono Boost)  
  15  0:39  Gateway  
  16  0:46  Probe (Chrono Boost)  
  16  0:47  Assimilator  
  17  0:51  Probe (Chrono Boost)  
  18  1:03  Probe  
  19  1:15  Probe  
  20  1:22  Pylon  
  20  1:27  Cybernetics Core, Probe  
  20  1:28  Zealot  
  23  1:34  Pylon  
  23  1:40  Probe (Chrono Boost)  
  23  1:41  Assimilator  
  24  1:50  Probe (Chrono Boost)  
  25  2:10  Nexus  
  25  2:13  Warp Gate (Chrono Boost)  
  25  2:17  Stalker (Chrono Boost)  
  27  2:23  Probe  
  27  2:29  Pylon  
  28  2:36  Probe  
  28  2:41  Sentry  
  30  2:48  Probe  
  31  2:52  Gateway  
  31  2:57  Shield Battery  
  31  3:00  Probe  
  32  3:08  Sentry  
  32  3:12  Probe  
  33  3:24  Probe  
  33  3:25  Probe  
  35  3:33  Twilight Council  
  35  3:34  Stalker  
  37  3:37  Probe x2  
  39  3:44  Gateway  
  39  3:49  Probe  
  39  3:50  Probe  
  41  3:59  Forge  
  41  4:00  Stalker  
  41  4:01  Probe  
  44  4:03  Probe, Blink (Chrono Boost)  
  45  4:14  Probe  
  45  4:16  Forge  
  46  4:23  Stalker  
  48  4:26  Stalker  
  48  4:31  Probe  
  48  4:32  Protoss Ground Weapons Level 1 (Chrono Boost), Probe  
  47  4:44  Probe x2  
  49  4:53  Stalker x2  
  49  4:56  Probe  
  49  4:57  Pylon  
  54  5:09  Pylon  
  54  5:10  Gateway  
  54  5:15  Probe x2  
  56  5:21  Stalker x2  
  56  5:23  Stalker  
  56  5:27  Probe x2  
  56  5:28  Assimilator  
  64  5:39  Probe  
  64  5:50  Stalker x2  
  67  6:03  Probe  
  66  6:09  Probe  
  66  6:14  Pylon  
  66  6:16  Nexus  
  66  6:20  Probe  
  66  6:21  Probe  
  66  6:25  Stalker  
  70  6:27  Protoss Ground Weapons Level 2 (Chrono Boost)  
  70  6:32  Probe  
  71  6:35  Pylon  
  71  6:37  Probe  
  71  6:38  Pylon  
  72  6:46  Stalker x2  
  76  6:48  Probe  
  76  6:49  Probe  
  78  6:54  Stalker  
  78  6:55  Stalker  
  78  7:00  Probe  
  78  7:01  Probe  
  84  7:09  Shield Battery  
  84  7:12  Probe  
  84  7:13  Probe, Gateway  
  84  7:15  Gateway  
  86  7:21  Gateway  
  86  7:26  Gateway  
  86  7:27  Probe x2  
  88  7:34  Robotics Facility  
  88  7:41  Zealot x3  
  92  7:44  Zealot  
  92  7:46  Probe  
  92  7:48  Probe  
  92  7:49  Probe  
  97  7:55  Pylon  
  97  7:58  Probe  
  98  8:01  Probe x2  
  100  8:06  Phoenix  
  100  8:10  Probe  
  99  8:13  Probe  
  99  8:19  Zealot x4  
  108  8:20  Zealot x3  
  108  8:24  Pylon  
  114  8:30  Gateway x2  
  114  8:31  Warp Prism (Chrono Boost)  
  116  8:41  Protoss Ground Weapons Level 3 (Chrono Boost)  
  116  8:46  Pylon  
  116  8:49  Charge (Chrono Boost), Pylon  
  116  8:51  Zealot x3  
  116  8:52  Zealot  
  124  8:55  Protoss Ground Armor Level 1 (Chrono Boost)  
  124  9:00  Templar Archives  
  124  9:11  Nexus  
  124  9:16  Pylon  
  124  9:26  Pylon  
  124  9:28  Zealot x5, Pylon  
  134  9:41  High Templar x2  
  134  9:42  High Templar  
  140  9:50  Archon, High Templar  
  140  9:52  High Templar  
  142  9:53  Zealot x3  
  142  9:56  Zealot x2, Archon  
  152  10:00  Shield Battery x2  
  152  10:05  Probe  
  153  10:14  Photon Cannon, High Templar, Gateway  
  153  10:18  Probe x2  
  153  10:19  Archon  
  153  10:20  Observer (Chrono Boost)  
  158  10:23  Zealot x5  
  158  10:28  Zealot x3  
  172  10:36  Zealot  
  164  10:45  Zealot x2  
  135  10:50  Stalker x3  
  135  10:51  Zealot x3  
  113  11:03  Zealot x2  
  93  11:17  Zealot x8  
  109  11:24  Zealot x2  
  113  11:26  Zealot  
  115  11:48  Zealot x3  
  115  11:49  Zealot x6  
  115  11:50  Zealot  
  115  11:52  Zealot  
  137  11:57  Zealot  
  130  12:11  Zealot x5  
  140  12:18  Zealot  
  140  12:22  Warp Prism (Chrono Boost)  
  136  12:31  High Templar x2  
  136  12:32  Zealot x2  
  136  12:36  Archon  
  130  12:41  Zealot x3  
  132  12:48  Zealot  
  134  12:53  Zealot x2  
  138  13:08  Zealot  
  138  13:12  Pylon  
  140  13:19  Zealot x2  
  140  13:26  Zealot x3  
  117  13:40  Zealot x6  
Tags
 
Add a new tag
Caveats
  • Supply blocks, unpowered buildings, or Contaminate may cause inaccurate times.
  • Supply counts are checked every 10 seconds.